Map: [EWC] Crimson Court

Players

Maru

  • Race: Terran Terran
  • Spawn Location: 7:00

Serral - Winner!

  • Race: Zerg Zerg
  • Spawn Location: 1:00

Event: Esports World Cup 2024

VOD

Have the link to the VOD?

Description

Time

  • Played on: Aug. 16, 2024, 3:02 p.m.
  • Length: 6:21

All games in this series

Show
View Real Time Build Order
Export as new Build Order

Maru Terran 

Build Orders: Reaper Expand, Banshee Rush 

Get SALT Encoding   

  12  0:00  SCV  
  13  0:12  SCV  
  14  0:19  Supply Depot  
  14  0:24  SCV  
  15  0:40  SCV  
  15  0:41  Barracks  
  16  0:43  Refinery  
  16  0:52  SCV  
  17  1:04  SCV  
  18  1:16  SCV  
  19  1:28  Orbital Command, Reaper  
  20  1:39  Command Center  
  20  1:49  Supply Depot  
  20  1:54  SCV  
  20  2:00  Marine  
  22  2:06  SCV  
  23  2:11  Factory  
  23  2:18  SCV  
  25  2:26  Barracks Reactor  
  24  2:30  SCV  
  25  2:42  SCV  
  26  2:44  Command Center  
  26  2:51  Orbital Command  
  26  2:54  SCV  
  27  2:58  Starport  
  27  3:01  Refinery  
  27  3:07  SCV  
  27  3:09  Hellion  
  27  3:11  Hellion  
  32  3:15  Barracks Tech Lab  
  32  3:17  SCV  
  32  3:19  SCV  
  34  3:29  SCV  
  34  3:31  Hellion  
  34  3:32  Hellion  
  39  3:36  SCV  
  40  3:41  SCV, Banshee  
  40  3:43  Marine  
  45  3:48  SCV  
  45  3:52  Supply Depot  
  45  3:53  Cloaking Field  
  46  3:56  Orbital Command, SCV  
  46  4:00  SCV  
  48  4:02  Barracks Tech Lab  
  48  4:06  Refinery  
  48  4:08  SCV  
  49  4:13  SCV  
  54  4:20  SCV  
  54  4:23  SCV  
  52  4:24  Banshee  
  52  4:25  SCV  
  52  4:28  Marine  
  57  4:32  SCV  
  57  4:35  SCV  
  57  4:36  Barracks  
  57  4:38  Supply Depot, Factory Reactor  
  59  4:39  Barracks  
  59  4:40  SCV  
  59  4:44  SCV  
  61  4:47  SCV  
  61  4:52  SCV, Refinery  
  63  4:55  Engineering Bay  
  63  4:56  SCV, Engineering Bay  
  63  4:57  Marine  
  66  5:00  SCV  
  66  5:05  Bunker  
  66  5:06  SCV, Bunker  
  67  5:08  SCV  
  67  5:12  SCV  
  67  5:18  SCV  
  67  5:20  SCV  
  69  5:24  SCV, Marine x3  
  76  5:28  Siege Tank  
  76  5:30  SCV  
  76  5:31  Supply Depot  
  76  5:32  Supply Depot  
  77  5:43  Supply Depot  
  77  5:44  Starport Reactor  
  77  5:53  Marine x5  
  75  6:05  SCV x2  
  75  6:09  SCV  
Show
View Real Time Build Order
Export as new Build Order

Serral Zerg - Winner!

Build Orders: Hatch First 

Get SALT Encoding   

  12  0:00  Drone  
  13  0:12  Overlord  
  13  0:16  Drone  
  14  0:30  Drone  
  14  0:31  Drone  
  16  0:48  Hatchery  
  15  0:51  Drone  
  15  0:54  Drone  
  17  0:58  Drone  
  18  1:08  Extractor  
  17  1:13  Spawning Pool  
  17  1:15  Drone  
  17  1:19  Drone  
  18  1:27  Drone  
  19  1:38  Drone  
  20  1:49  Drone  
  21  2:00  Queen x2  
  26  2:01  Zergling x4  
  27  2:11  Overlord  
  27  2:12  Metabolic Boost  
  27  2:13  Drone  
  28  2:25  Spore Crawler  
  27  2:33  Hatchery  
  27  2:36  Drone  
  27  2:39  Drone x3  
  31  2:47  Queen  
  33  2:52  Overlord  
  33  2:54  Drone  
  34  2:58  Drone  
  34  3:00  Drone  
  36  3:10  Queen  
  36  3:11  Overlord  
  38  3:14  Drone  
  38  3:16  Drone x2  
  38  3:19  Drone  
  42  3:21  Drone  
  42  3:23  Drone  
  44  3:29  Queen  
  44  3:31  Drone  
  47  3:36  Drone x2  
  47  3:40  Roach Warren  
  48  3:46  Unknown  
  48  3:47  Drone x3  
  50  3:49  Drone  
  50  3:53  Lair  
  51  3:57  Overlord  
  51  3:58  Drone  
  51  4:01  Overlord  
  52  4:06  Zergling x2  
  52  4:07  Zergling x4  
  55  4:13  Overlord  
  55  4:21  Roach x5  
  65  4:28  Roach x2  
  65  4:29  Overlord  
  69  4:33  Roach x2  
  69  4:35  Overlord  
  73  4:41  Zergling x2  
  74  4:50  Zergling x16  
  82  4:53  Overseer  
  82  4:56  Overlord  
  82  5:01  Overlord  
  82  5:03  Ravager x2  
  82  5:05  Zergling x8  
  88  5:12  Overlord  
  88  5:18  Overlord  
  88  5:20  Overlord  
  88  5:21  Ravager x2  
  89  5:25  Zergling x12, Ravager  
  97  5:35  Ravager  
  98  5:36  Zergling x8  
  102  5:43  Ravager  
  102  5:44  Zergling x8  
  102  5:49  Overseer  
  107  5:54  Ravager  
Tags
 
Add a new tag
Caveats
  • Supply blocks, unpowered buildings, or Contaminate may cause inaccurate times.
  • Supply counts are checked every 10 seconds.